AoeStats
← tomtom>W<

African Clearing

510847491Analyzed
4v4 RM · 10h ago on Oct 2, 2026· 48m 16s· 8 players
Game mode
Random Map
Map size
Large (8 player)
Population
200
Speed
Normal
Resources
Standard
Victory
Conquest
Starting age
Dark Age
Ending age
Imperial Age
RankedLock teamsTeams togetherTeam positionsShared explorationLock speedFull tech treeHidden civsTurbo modeCheats
Victory
Defeat
🇬🇧 Persians · United Kingdom
1228
+17
🇨🇿 Koreans · Czechia
1224
+17
🇩🇪 Cumans · Germany
1209
+17
🇨🇴 Britons · Colombia
1172
+19
🇬🇧 Varangians · United Kingdom
1410
-25
🇮🇳 Burgundians · India
1248
-18
🇦🇷 Vikings · Argentina
1238
-17
🇪🇬 Cumans · Egypt
1061
-10
solmanfu
6:06 Loom
12:55 Feudal Age
16:56 Fletching
17:12 Scale Barding Armor
17:18 Forging
20:03 Double-Bit Axe
24:29 Castle Age
23:18 Bloodlines
26:01 Wheelbarrow
25:45 Bodkin Arrow
27:52 Hand Cart
29:00 Bow Saw
29:48 Hand Cart
33:02 Imperial Age
31:07 Horse Collar
43:16 Gold Mining
43:50 Cavalier
48:21 Chain Barding Armor
48:36 Iron Casting
49:08 Gold Shaft Mining
loco_de_la_colina
8:08 Loom
14:39 Feudal Age
15:22 Man-at-Arms
16:21 Arson
19:14 Forging
19:05 Scale Mail Armor
Scholichator
9:44 Loom
12:46 Feudal Age
13:39 Double-Bit Axe
16:52 Fletching
21:04 Wheelbarrow
23:31 Castle Age
22:12 Horse Collar
24:39 Bodkin Arrow
24:05 Crossbowman
26:51 Bow Saw
26:42 Heavy Plow
28:32 Hand Cart
28:53 Ballistics
36:48 Imperial Age
37:47 Forging
37:37 Scale Mail Armor
38:36 Elite Fire Lancer
39:17 Squires
39:34 Chain Mail Armor
41:20 Plate Mail Armor
41:26 Iron Casting
44:52 Town Watch
46:10 Two-Man Saw
45:01 Gold Mining
45:02 Stone Mining
45:09 Arson
45:28 Bracer
48:08 Conscription
Elfelo
4:30 Loom
16:42 Feudal Age
23:14 Castle Age
21:26 Double-Bit Axe
21:33 Horse Collar
23:11 Fletching
27:24 Bow Saw
29:03 Bodkin Arrow
30:28 Padded Archer Armor
32:12 Ballistics
37:10 Imperial Age
35:13 Gold Mining
37:50 Leather Archer Armor
38:06 Bracer
40:32 Wheelbarrow
41:24 Gold Shaft Mining
41:43 Siege Engineers
41:59 Pikeman
44:33 Conscription
44:00 Town Watch
46:17 Yeomen
46:16 Hand Cart
45:56 Crossbowman
47:39 Forging
47:30 Scale Mail Armor
tomtom>W<
14:55 Feudal Age
13:13 Loom
14:59 Feudal Age
19:20 Castle Age
18:27 Double-Bit Axe
28:07 Fishing Lines
28:40 Bow Saw
40:51 Imperial Age
38:55 Forging
40:03 Scale Barding Armor
41:04 Vendel Legacy
42:00 Bloodlines
42:36 Iron Casting
42:01 Cavalier
42:42 Husbandry
43:03 Chain Barding Armor
44:46 Coinage
45:48 Wheelbarrow
45:42 Horse Collar
BúffaloTincho
3:12 Loom
14:39 Feudal Age
20:12 Castle Age
19:11 Scale Mail Armor
19:29 Double-Bit Axe
23:41 Chain Mail Armor
22:49 Elite Skirmisher
34:31 Forging
36:36 Squires
37:12 Iron Casting
38:30 Bow Saw
40:17 Town Watch
41:20 Gold Mining
41:21 Stone Mining
42:39 Fletching
42:50 Padded Archer Armor
42:55 Horse Collar
47:28 Imperial Age
45:26 Bodkin Arrow
48:25 Ballistics
48:15 Masonry
Assem
12:42 Feudal Age
13:26 Double-Bit Axe
17:32 Wheelbarrow
16:46 Loom
24:25 Man-at-Arms
30:47 Horse Collar
34:14 Stone Mining
37:57 Castle Age
36:42 Gold Mining
37:58 Wheelbarrow
38:58 Bow Saw
38:57 Heavy Plow
39:35 Gold Shaft Mining
38:44 Light Cavalry
39:34 Bloodlines
41:31 Hand Cart
41:46 Town Watch
44:07 Scale Barding Armor
44:13 Forging
48:18 Imperial Age
46:59 Padded Archer Armor
47:20 Chain Barding Armor
47:36 Iron Casting
The OG PinkMan
4:22 Loom
12:40 Feudal Age
13:55 Double-Bit Axe
22:46 Horse Collar
26:08 Castle Age
24:20 Fletching
24:31 Padded Archer Armor
31:20 Forging
31:07 Bodkin Arrow
31:28 Leather Archer Armor
30:35 Elite Skirmisher
33:28 Leather Archer Armor
33:47 Bow Saw
33:39 Heavy Plow
40:57 Imperial Age
39:30 Two-Man Saw
39:41 Stone Mining
39:42 Gold Mining
40:24 Forging
40:20 Scale Barding Armor
42:08 Conscription
42:48 Cavalier
43:29 Husbandry
44:38 Chain Barding Armor
44:53 Iron Casting
45:50 Bracer
48:33 Chemistry
47:53 Ballistics
Connection lost

Rejoining the realm…

Still unreachable

The connection could not be restored.

Session expired

The server has moved on; the page needs a fresh start.